 Dungeon Crawl Stone Soup version 0.20.1-1-g8b1a95d (webtiles) character file.

21 letownia2 the Grave Robber (level 2, -1/22 HPs)
             Began as a Deep Dwarf Necromancer on Dec 16, 2017.
             Slain by Edmund
             ... wielding a +2 dire flail of draining
              (12 damage)
             ... on level 4 of the Dungeon.
             The game lasted 00:02:25 (630 turns).

letownia2 the Grave Robber (Deep Dwarf Necromancer)  Turns: 630, Time: 00:02:26

Health: -1/22      AC:  6    Str: 11    XL:     2   Next: 65%
Magic:  2/5        EV: 10    Int: 15    God:
Gold:   30         SH:  0    Dex: 13    Spells: 4/5 levels left

rFire    . . .     SeeInvis .   h - +0 short sword
rCold    . . .     Gourm    .   (no shield)
rNeg     . . .     Faith    .   d - +0 ring mail
rPois    .         Spirit   .   (no helmet)
rElec    .         Reflect  .   (no cloak)
rCorr    .         Harm     +   e - +0 pair of gloves
MR       +....                  (no boots)
Stlth    +.........             k - amulet of harm
Regen    0.0/turn               n - ring of protection from magic
MPRegen  0.1/turn               (no ring)

@: non-regenerating, drained
A: damage resistance, heal wounds, sense surroundings 1, no regeneration
a: Heal Wounds


You were on level 4 of the Dungeon.
You were not hungry.

You visited 1 branch of the dungeon, and saw 4 of its levels.

You collected 30 gold pieces.

Inventory:

Hand Weapons
 h - a +0 short sword (weapon)
Armour
 a - a +0 robe
 d - a +0 ring mail (worn)
 e - a +0 pair of gloves (worn)
Jewellery
 k - an amulet of harm (around neck)
 n - a ring of protection from magic (left hand)
Scrolls
 f - 2 scrolls of identify {unknown}
 g - a scroll of fear {unknown}
 i - a scroll of enchant weapon {unknown}
 m - a scroll of fog {unknown}
 o - a scroll of teleportation {unknown}
Books
 b - a book of Necromancy

   Spells                             Type                      Level
   a - Pain                           Necromancy                   1
   b - Animate Skeleton               Necromancy                   1
   c - Vampiric Draining              Necromancy                   3
   d - Regeneration                   Charms/Necromancy            3
   e - Animate Dead                   Necromancy                   4
   f - Control Undead                 Necromancy                   4
 l - a book of Misfortune

   Spells                             Type                      Level
   a - Confusing Touch                Hexes                        1
   b - Confuse                        Hexes                        3
   c - Gell's Gravitas                Translocation                3
   d - Petrify                        Transmutation/Earth          4
   e - Metabolic Englaciation         Hexes/Ice                    5
   f - Yara's Violent Unravelling     Hexes/Transmutation          5
Comestibles
 c - a bread ration


   Skills:
 - Level 2.1(1.8) Dodging
 - Level 2.4(2.1) Stealth
 + Level 2.3(2.0) Spellcasting
 + Level 4.9(4.5) Necromancy


You had 4 spell levels left.
You knew the following spells:

 Your Spells              Type           Power        Failure   Level  Hunger
a - Pain                  Necr           ###.         9%          1    #......


Dungeon Overview and Level Annotations

Branches:
Dungeon (4/15)
 Temple: D:4-7

Altars:

Annotations:
D:4 Blork the orc, Edmund


Innate Abilities, Weirdness & Mutations

You are resistant to damage.
You can heal yourself by infusing magical energy.
You passively map a small area around you.
You do not regenerate.


Message History

Unknown command.
Put on which piece of jewellery? (? for menu, Esc to quit)
Okay, then.
Casting: Pain
Confirm with . or Enter, or press ? or * to list all spells.
Aiming: Pain
Press: ? - help, Shift-Dir - straight line, f/p - Edmund
Aim: Edmund, wielding a dire flail of draining and wearing a runed leather armour (lightly wounded, chance to defeat MR: 75%) Edmund writhes in agony!
Edmund hits you with a dire flail of draining!
You feel drained.
Casting: Pain
Confirm with . or Enter, or press ? or * to list all spells.
Aiming: Pain
Press: ? - help, Shift-Dir - straight line, f/p - Edmund
Aim: Edmund, wielding a dire flail of draining and wearing a runed leather armour (lightly wounded, chance to defeat MR: 73%) Edmund writhes in agony!
Edmund hits you with a dire flail of draining!
Ouch! That really hurt!
You die...

#.#...≈≈o>.≈≈...#*#
#.# , , , , , #.#*
, , ** , #.# #.#
,,, ,, #.# ,, , #.#
#### , #.###..#, *
#...@..#, *
#####@.# * , ...#*
* **#..... ##..###
* #..# ,* #..# ,
#..# * * .### ,


You could see Edmund.

Vanquished Creatures
  An adder (D:3)
  2 leopard geckos
  A bat (D:2)
  A goblin (D:3)
  2 hobgoblins
  A jackal (D:2)
  A kobold (D:3)
9 creatures vanquished.

Notes
Turn   | Place    | Note
-------+----------+-------------------------------------------
     0 | D:1      | letownia2 the Deep Dwarf Necromancer began the quest for the Orb.
     0 | D:1      | Reached XP level 1. HP: 15/15 MP: 3/3
   218 | D:3      | Reached XP level 2. HP: 22/22 MP: 1/5
   543 | D:4      | Noticed Blork the orc
   626 | D:4      | Noticed Edmund
   630 | D:4      | Slain by Edmund

Skill      XL: |  1 |
---------------+----+-----
Spellcasting   | 2 |  2.3
Dodging        | |  2.1
Stealth        | |  2.4
Necromancy     | |  4.9

Action                   || total
-------------------------++-------
Melee: Unarmed           ||    10
       Short sword       ||     5
 Cast: Pain              ||    22
Armor: Ring mail         ||     9
Dodge: Dodged            ||     8
